 Dungeon Crawl Stone Soup version 0.28-a0-1087-gf3fc490d9d (console) character file.

Game seed: 6163545206162447419

20443 jejorda2 the Carver (level 12, 0/168 HPs)
             Began as a Palentonga Berserker on Dec 10, 2021.
             Was an Elder of Trog.
             Killed from afar by a hell knight (26 damage)
             ... with a bolt of fire
             ... on level 2 of the Abyss.
             The game lasted 00:41:47 (16227 turns).

jejorda2 the Carver (Palentonga Berserker)         Turns: 16227, Time: 00:41:48

Health: 0/168      AC: 32    Str: 25    XL:     12   Next: 45%
Magic:  21/21      EV: 13    Int:  8    God:    Trog [****..]
Gold:   1937       SH:  0    Dex: 14    Spells: 11/11 levels left

rFire   . . .      SeeInvis +   a - +1 scimitar
rCold   . . .      Faith    .   (no shield)
rNeg    . . .      Spirit   .   A - +4 ring mail
rPois   .          Reflect  .   g - +2 helmet
rElec   .          Harm     .   l - +0 cloak
rCorr   .          Rampage  .   K - +0 pair of gloves
Will    +....                   B - +3 barding of the Clam {MP+9 Dex+4}
Stlth   ..........              p - amulet of the acrobat
HPRegen 0.38/turn               o - ring of willpower
MPRegen 0.17/turn               s - +4 ring of evasion

@: berserking (expiring), studying Fighting, curled up, very quick
A: large, rugged brown scales 3, see invisible, deformed body, roll 1, armoured
tail, reflexive curl
a: Rolling Charge, Renounce Religion, Berserk, Trog's Hand, Brothers in Arms


You were on level 2 of the Abyss.
You worshipped Trog.
Trog was greatly pleased with you.
You visited 1 branch of the dungeon, and saw 13 of its levels.
You visited the Abyss 1 time.

You collected 1937 gold pieces.

Inventory:

Hand Weapons
 a - a +1 scimitar (weapon)
 b - a +1 dagger of speed
Missiles
 e - 289 stones
 q - 8 boomerangs
 y - a throwing net
 z - 52 poisoned darts
Armour
 g - a +2 helmet (worn)
 l - a +0 cloak (worn)
 A - a +4 ring mail (worn)
 B - the +3 barding of the Clam (worn) {MP+9 Dex+4}
   (You acquired it on level 8 of the Dungeon)

   Dex:       It affects your dexterity (+4).
   MP:        It affects your magic capacity (+9).
 G - a +2 ring mail of poison resistance
 K - a +0 pair of gloves (worn)
Jewellery
 o - a ring of willpower (left hand)
 p - an amulet of the acrobat (around neck)
 s - a +4 ring of evasion (right hand)
Wands
 h - a wand of polymorph (3)
 v - a wand of iceblast (8)
 F - a wand of paralysis (6)
 H - a wand of flame (17)
Scrolls
 d - 5 scrolls of teleportation
 i - 3 scrolls of fog
 k - a scroll of holy word
 n - 4 scrolls of enchant weapon
 t - 3 scrolls of magic mapping
 u - 2 scrolls of fear
 D - a scroll of enchant armour
Potions
 c - 3 potions of degeneration {unknown}
 f - 4 potions of heal wounds
 j - 4 potions of cancellation
 m - 3 potions of haste
 r - 3 potions of resistance {unknown}
 w - a potion of mutation {unknown}
 x - a potion of invisibility
 C - a potion of lignification {unknown}
 E - 3 potions of ambrosia
 I - a potion of flight {unknown}
 J - a potion of berserk rage {unknown}
 L - 8 potions of curing
 M - a potion of magic {unknown}


   Skills:
 + Level 13.3 Fighting
 - Level 14.0 Long Blades
 + Level 7.0 Armour
 + Level 5.8 Dodging
 - Level 6.0 Evocations


You had 11 spell levels left.
You didn't know any spells.
Your spell library was empty.

Dungeon Overview and Level Annotations

Branches:
Dungeon (13/15)            Temple (0/1) D:5            Lair (0/6) D:10
    Orc (0/2) D:11
 Vaults: D:13-14

Altars:
Qazlal
Sif Muna
Beogh

Annotations:
D:3 2 transporters, SirDiesAlot's ghost, weakling MiDe
D:8 3 runed translucent doors, mainiacjoe's ghost, novice FoFi
D:13 Sonja


Innate Abilities, Weirdness & Mutations

You are completely covered in rugged brown scales. (AC +3, +7% HP)
You have supernaturally acute eyesight. (SInv)
Armour fits poorly on your strangely shaped body.
You can roll at nearby foes to attack.
You have a long armoured tail.
You curl defensively after being hit. (AC +7*)


Message History

The hell knight is moderately wounded.
You slash the hell knight! You tail-slap the hell knight!
The hell knight is moderately wounded.
The hell knight hits you with a +0 battleaxe!
* * * LOW HITPOINT WARNING * * *
The hell knight hits you but does no damage. x2
Your ogre barely misses the hell knight.
The necromancer points at you and mumbles some strange words.
You easily resist.
Press: ? - help, v - describe, . - travel
Here: a hell knight, wielding a +3 demon trident and wearing a +0 plate armour The floor.
Unknown command.
Unknown command.
Something hits your ogre!
Your ogre dies!
Your ogre's corpse disappears in a puff of smoke!
You slice the hell knight!!
The hell knight is severely wounded.
The hell knight closely misses you.
You slash the hell knight! You tail-slap the hell knight!
You kill the hell knight!
Trog accepts your kill.
Trog appreciates your killing of a magic user.
Your Armour skill increases to level 7!
You slice the hell knight!!
The hell knight is almost dead.
The hell knight hits you but does no damage. x2
You barely miss the hell knight.
Your tail-slap misses the hell knight.
The hell knight is almost dead.
The spriggan defender simulacrum hits you but does no damage.
You hit the hell knight but do no damage.
The hell knight is almost dead.
The hell knight hits you with a +0 battleaxe!!
* * * LOW HITPOINT WARNING * * *
The spriggan defender simulacrum hits you but does no damage.
The hell knight gestures at you while chanting.
The bolt of fire hits the hell knight.
The hell knight completely resists.
The bolt of fire hits you!!
You die...

#.......... #
#.###..#..#.##
#..... ..##
#.......p...
#......p# ##p.
. #..#....p##
... #...
...pp###.....
#.. #.###Zpp.#
..##.. #@#..#
. #. #..#.# #.
..#.#.#
..####.. ...
... .... ...
..... ..#
......


You could see 4 hell knights, 2 necromancers and a spriggan defender simulacrum.

Vanquished Creatures
  Snorg (D:10)
  A boulder beetle (D:12)
  Harold (D:7)
  Erolcha (D:10)
  A hydra (D:11)
  3 two-headed ogres
  A hell knight (Abyss:2)
  Nergalle (D:12)
  A deep elf pyromancer (D:12)
  A smoke demon (Abyss:2)
  Psyche (D:10)
  A gargoyle (D:11)
  An ice devil (Abyss:2)
  A queen bee (D:9)
  2 trolls
  5 slime creatures (D:12)
  6 starcursed masses (Abyss:2)
  A ynoxinul (Abyss:2)
  Eustachio (D:5)
  12 yaks
  A neqoxec (Abyss:2)
  11 vampire mosquitoes
  A water moccasin (D:7)
  2 black bears
  9 orc warriors
  A necrophage (D:6)
  2 ogres
  5 centaurs
  3 phantoms
  A kobold brigand (D:7)
  A small abomination (Abyss:2)
  4 bullfrogs
  2 water moccasin zombies
  5 scorpions
  A wyvern zombie (D:6)
  34 killer bees
  11 wights
  5 centaur zombies
  3 hounds
  2 jellies (D:6)
  13 orc priests
  A centaur skeleton (D:7)
  2 gnoll shamans
  13 orc wizards
  A scorpion zombie (D:5)
  2 howler monkey zombies
  15 gnolls
  6 adders
  A shadow imp (D:5)
  2 white imps
  An adder skeleton (D:4)
  4 worms
  3 dart slugs
  77 orcs
  5 ball pythons
  5 bats
  6 endoplasms
  6 giant cockroaches
  5 goblins (D:1)
  7 hobgoblins
  5 quokkas
  6 frilled lizards
  8 kobolds
  3 rats
344 creatures vanquished.

Vanquished Creatures (collateral kills)
  4 killer bees (D:10)
4 creatures vanquished.

Grand Total: 348 creatures vanquished

Notes
Turn   | Place    | Note
-------+----------+-------------------------------------------
     0 | D:1      | jejorda2 the Palentonga Berserker began the quest for the
                  | Orb.
     0 | D:1      | Reached XP level 1. HP: 19/19 MP: 1/1
   356 | D:1      | Reached XP level 2. HP: 25/25 MP: 2/2
   746 | D:1      | Reached ** piety under Trog
   769 | D:1      | Found a faded altar of an unknown god.
  1185 | D:2      | Reached XP level 3. HP: 31/31 MP: 3/3
  1508 | D:2      | Reached skill level 4 in Long Blades
  1741 | D:3      | Reached XP level 4. HP: 30/37 MP: 4/4
  1814 | D:3      | Found a transporter.
  1818 | D:3      | Noticed SirDiesAlot's ghost (weakling MiDe)
  1819 | D:3      | Found a transporter.
  2017 | D:3      | Reached XP level 5. HP: 31/44 MP: 5/5
  2167 | D:3      | You fall into a shaft and drop 1 floor!
  2249 | D:4      | Noticed an orc warrior
  2295 | D:4      | Killed an orc warrior
  2296 | D:4      | Reached skill level 5 in Long Blades
  2305 | D:4      | Reached XP level 6. HP: 24/51 MP: 6/6
  3524 | D:4      | Reached skill level 6 in Long Blades
  4286 | D:5      | Entered Level 5 of the Dungeon
  4306 | D:5      | Gained mutation: You curl defensively after being hit. (AC
                  | +7*) [Palentonga growth]
  4306 | D:5      | Reached XP level 7. HP: 54/58 MP: 7/7
  4532 | D:5      | Reached skill level 5 in Fighting
  4999 | D:5      | Reached skill level 7 in Long Blades
  5161 | D:5      | Found a staircase to the Ecumenical Temple.
  5318 | D:5      | Noticed Eustachio
  5340 | D:5      | Killed Eustachio
  5341 | D:5      | Reached XP level 8. HP: 60/67 MP: 6/8
  5702 | D:6      | Reached *** piety under Trog
  5890 | D:6      | Reached skill level 8 in Long Blades
  5978 | D:6      | Found a shimmering blue altar of Sif Muna.
  6203 | D:6      | Reached skill level 5 in Armour
  6649 | D:6      | Reached skill level 9 in Long Blades
  6910 | D:7      | Reached XP level 9. HP: 73/73 MP: 9/9
  7529 | D:7      | Noticed Harold
  7539 | D:7      | Killed Harold
  7540 | D:7      | Reached skill level 10 in Long Blades
  7893 | D:6      | Reached skill level 11 in Long Blades
  8693 | D:8      | Found a runed translucent gate.
  8694 | D:8      | Noticed mainiacjoe's ghost (novice FoFi)
  8697 | D:8      | Found a runed translucent gate.
  8697 | D:8      | Found a runed translucent gate.
  9007 | D:8      | Found a stormy altar of Qazlal.
  9146 | D:8      | Identified 3 scrolls of acquirement
  9146 | D:8      | Acquired 1104 gold pieces
  9147 | D:8      | Acquired the +3 barding of the Clam {MP+9 Dex+4}
  9153 | D:8      | Acquired a manual of Fighting
  9617 | D:9      | Reached XP level 10. HP: 68/82 MP: 10/10
  9854 | D:9      | Reached skill level 12 in Long Blades
  9865 | D:9      | Reached **** piety under Trog
 10823 | D:10     | Entered Level 10 of the Dungeon
 10823 | D:10     | Noticed Erolcha
 10846 | D:10     | Killed Erolcha
 11138 | D:10     | Noticed Snorg
 11146 | D:10     | Killed Snorg
 11147 | D:10     | Reached skill level 13 in Long Blades
 11944 | D:10     | Reached XP level 11. HP: 94/96 MP: 11/11
 11946 | D:10     | Reached skill level 10 in Fighting
 12249 | D:10     | Reached skill level 14 in Long Blades
 12526 | D:10     | Noticed Psyche
 12549 | D:10     | Killed Psyche
 12746 | D:10     | Found a staircase to the Lair.
 13022 | D:11     | Noticed a two-headed ogre
 13062 | D:10     | Killed a two-headed ogre
 13063 | D:10     | Reached skill level 1 in Evocations
 13554 | D:11     | Found a staircase to the Orcish Mines.
 13577 | D:11     | Reached ***** piety under Trog
 14113 | D:11     | Noticed an eight-headed hydra
 14131 | D:11     | Killed a nine-headed hydra
 14183 | D:11     | Reached skill level 5 in Evocations
 14719 | D:11     | Noticed a two-headed ogre
 14723 | D:11     | Killed a two-headed ogre
 14969 | D:12     | Noticed Nergalle
 14977 | D:12     | Killed Nergalle
 15040 | D:11     | Reached XP level 12. HP: 105/109 MP: 12/12
 15113 | D:12     | Noticed a boulder beetle
 15127 | D:12     | Killed a boulder beetle
 15375 | D:12     | Reached skill level 5 in Dodging
 15693 | D:12     | Noticed a two-headed ogre
 15700 | D:12     | Killed a two-headed ogre
 15970 | D:13     | Noticed Sonja
 15975 | D:13     | Cast into level 2 of the Abyss (Sonja)
 16048 | Abyss:2  | Noticed a starcursed mass
 16102 | Abyss:2  | Noticed a starcursed mass
 16109 | Abyss:2  | Paralysed by accursed screaming for 1 turns
 16126 | Abyss:2  | Noticed a tentacled starspawn
 16126 | Abyss:2  | Noticed a deep elf elementalist
 16227 | Abyss:2  | Killed from afar by a hell knight

Illustrated notes

Levels and vault maps discovered:
D:1:      psy_arrival_statuary, layout_loops_corners,
          shapermc_ecumenical_altar_acropolis
D:2:      layout_rooms, minmay_distorted
D:3:      layout_rooms, gammafunk_ghost_mausoleum, serial_co_window_serial,
          co_window_paths_a, co_window_paths_b, co_window_paths_a,
          co_window_paths_a, co_window_corner_a, co_window_corner_b,
          co_window_broadway_b, co_window_corner_b, co_window_2corner,
          co_window_unsneaky_path_d, co_window_unsneaky_path_a, glass_columns_a,
          glass_columns_c, glass_columns_a, glass_columns_a
D:4:      layout_basic, guppyfry_early_orc_mine
D:5:      layout_gridville, minmay_temple_entry_mist, hangedman_decor_slide_cut,
          uniq_eustachio
D:6:      layout_basic, mainiacjoe_overflow_concentric_impassable
D:7:      layout_basic, uniq_harold
D:8:      layout_cave_pods, ebering_ghost_rock_garden, kennysheep_flooded_box
D:9:      layout_layer_cave, special_room [special_room_orc], minivault_21
D:10:     layout_cave_pods, grunt_lair_entry_orc_guard_hut, special_room
          [special_room_bee], uniq_snorg, uniq_psyche, uniq_erolcha
D:11:     layout_loops_corners, hiddenorc2_lemuel, amethyst_killhole,
          mrwooster_statue_mirror, corexii_hall_statues_x
D:12:     layout_basic, uniq_nergalle
D:13:     layout_loops_ring, hangedman_vaults_entry_quadrant_bands, uniq_sonja,
          uniq_rupert
Abyss:2:  base: D:6, hangedman_decor_points, hangedman_abyss_or_decor_clamps,
          minivault_24

Skill      XL: |  1  2  3  4  5  6  7  8  9 10 11 12 |
---------------+-------------------------------------+-----
Armour         | 2 3 4 5 6 7 |  7.0
Long Blades    | 4 5 6 7 9 11 13 14 | 14.0
Fighting       | 4 5 6 9 12 13 | 13.3
Evocations     | 6 |  6.0
Dodging        | 4 5 |  5.8

Action                   |  1- 3 |  4- 6 |  7- 9 | 10-12 || total
-------------------------+-------+-------+-------+-------++-------
Melee: Falchion          |    99 |    58 |       |       ||   157
       Tailslap          |    14 |    16 |    34 |   101 ||   165
       Scimitar          |       |    80 |   280 |   560 ||   920
       Dagger            |       |       |       |     6 ||     6
Throw: Stone             |       |     1 |       |       ||     1
       Dart              |       |       |       |    14 ||    14
Invok: Berserk           |     1 |     5 |     9 |    20 ||    35
       Trog's Hand       |       |     2 |     2 |     6 ||    10
       Brothers in Arms  |       |       |       |     3 ||     3
 Abil: Rolling Charge    |    26 |     5 |    38 |    32 ||   101
Evoke: Wand              |       |       |     1 |       ||     1
  Use: Scroll            |       |       |    13 |     6 ||    19
       Potion            |       |       |       |     2 ||     2
Armor: Animal skin       |    11 |       |       |       ||    11
       Ring mail         |    18 |    65 |   112 |   315 ||   510
       Chain mail        |       |       |    19 |       ||    19
       Scale mail        |       |       |    11 |       ||    11
Dodge: Dodged            |    34 |    53 |   160 |   423 ||   670

Table legend: (Time is in decaauts)
 A = Elapsed time spent in this place.
 B = Non-inter-level travel time spent in this place.
 C = Inter-level travel time spent in this place.
 D = Time resting spent in this place.
 E = Time spent auto-exploring this place.
 F = Levels seen in this place.
 G = Mean time per level.
                   A        B        C        D        E       F      G
               +--------+--------+--------+--------+--------+-----+--------+
         Total |  16388 |  15707 |    681 |   3234 |  10053 |  14 | 1170.6 |
       Dungeon |  16127 |  15446 |    681 |   3111 |  10053 |  13 | 1240.5 |
         Abyss |    260 |    260 |      0 |    123 |      0 |   1 |  260.0 |
               +--------+--------+--------+--------+--------+-----+--------+

Top non-repeatable levels by time:
     D:9: 2305 daAuts
    D:10: 1823 daAuts
    D:11: 1674 daAuts
     D:4: 1583 daAuts
     D:5: 1470 daAuts
     D:8: 1285 daAuts
     D:6: 1276 daAuts
     D:1: 1187 daAuts
     D:3: 1144 daAuts
     D:7: 1002 daAuts
    D:12: 802 daAuts
     D:2: 565 daAuts
 Abyss:2: 260 daAuts
    D:13: 7 daAuts
